 Dungeon Crawl Stone Soup version 0.27-a0-1188-g73eefd5def (webtiles) character file.

Game seed: 4432905013034747755

1566 Glokmah the Jinx (level 8, -1/46 HPs)
             Began as a Vampire Enchanter on May 22, 2021.
             Slain by a centaur
             ... wielding a +0 hand axe
              (6 damage)
             ... on level 5 of the Dungeon.
             The game lasted 00:16:37 (6441 turns).

Glokmah the Jinx (Vampire Enchanter)                Turns: 6441, Time: 00:16:37

Health: -1/46      AC:  5    Str:  7    XL:     8   Next: 59%
Magic:  7/13       EV: 12    Int: 17    God:
Gold:   56         SH:  0    Dex: 17    Spells: 2/14 levels left

rFire    . . .     SeeInvis +   a - +2 dagger (venom)
rCold    + + +     Faith    .   (no shield)
rNeg     + + +     Spirit   .   p - +2 robe {rC+}
rPois    ∞         Reflect  .   m - +0 helmet
rElec    .         Harm     .   (no cloak)
rCorr    .         Rampage  .   (no gloves)
Will     .....                  (no boots)
Stlth    ++++++....             (no amulet)
HPRegen  0.00/turn              (no ring)
MPRegen  0.13/turn              (no ring)

@: bloodless
A: bloodless, fangs 3, see invisible, vampiric 2
a: Bat Form, Revivify


You were on level 5 of the Dungeon.
You visited 1 branch of the dungeon, and saw 5 of its levels.

You collected 163 gold pieces.
You spent 107 gold pieces at shops.

Inventory:

Hand Weapons
 a - a +2 dagger of venom (weapon)
Missiles
 h - 2 throwing nets
 q - 4 atropa-tipped darts
Armour
 m - a +0 helmet (worn)
 p - a +2 robe of cold resistance (worn)
Jewellery
 n - a +4 ring of evasion
Wands
 l - a wand of iceblast (14)
Scrolls
 d - 2 scrolls of identify
 e - 2 scrolls of fear
 g - 2 scrolls of fog {unknown}
Potions
 b - a potion of berserk rage
 c - a potion of attraction
 f - 3 potions of curing
 i - a potion of magic
 k - 2 potions of resistance
 o - 2 potions of degeneration


   Skills:
 + Level 3.2 Fighting
 * Level 6.1 Short Blades
 - Level 2.1 Dodging
 + Level 7.4 Stealth
 + Level 3.9 Spellcasting
 + Level 0.1 Conjurations
 * Level 9.1 Hexes
 + Level 3.0 Ice Magic


You had 2 spell levels left.
You knew the following spells:

 Your Spells              Type           Power      Damage    Failure   Level
a - Corona                Hex            37%        N/A       1%          1
b - Ensorcelled Hibernat  Hex/Ice        48%        N/A       1%          2
c - Confusing Touch       Hex            34%        N/A       1%          3
d - Tukima's Dance        Hex            34%        N/A       1%          3
e - Dazzling Flash        Conj/Hex       38%        N/A       7%          3

Your spell library contained the following spells:

 Spells                   Type           Power      Damage    Failure   Level
 Sandblast                Erth           6%         2d5       16%         1
 Passwall                 Tmut/Erth      2%         N/A       24%         2
 Stone Arrow              Conj/Erth      6%         3d7       43%         3
 Petrify                  Tmut/Erth      3%         N/A       85%         4
 Lee's Rapid Deconstruct  Erth           1%         3d5*      99%         5


Dungeon Overview and Level Annotations

Branches:
Dungeon (5/15)
 Temple: D:4-7

Altars:
Elyvilon

Shops:
D:4 *[

Annotations:
D:3 vknke's ghost, amateur GrEE


Innate Abilities, Weirdness & Mutations

You do not regenerate when monsters are visible.
You are frail without blood (-20% HP).
You can heal yourself when you bite living creatures.
You are immune to poison.
You have razor-sharp teeth.
You have supernaturally acute eyesight. (SInv)
You are afflicted with vampirism and can become a bat while bloodless.


Message History

The centaur completely misses you.
Casting: Ensorcelled Hibernation (safe; 1% risk of failure)
Confirm with . or Enter, or press ? or * to list all spells.
Aiming: Ensorcelled Hibernation (safe; 1% risk of failure)
Press: ? - help, Shift-Dir - straight line, f - you, p - centaur
Okay, then.
Casting: Ensorcelled Hibernation (safe; 1% risk of failure)
Confirm with . or Enter, or press ? or * to list all spells.
Your hands begin to glow red.
The centaur hits you with a +0 hand axe.
* * * LOW HITPOINT WARNING * * *
The centaur completely misses you.
The centaur hits you with a +0 hand axe.
* * * LOW HITPOINT WARNING * * *
The centaur kicks you but does no damage.
You hit the centaur but do no damage. Your bite misses the centaur.
The centaur is moderately wounded.
The centaur hits you with a +0 hand axe.
* * * LOW HITPOINT WARNING * * *
The centaur misses you.
You barely miss the centaur. You bite the centaur, but do no damage.
The centaur is heavily wounded.
The centaur closely misses you.
The centaur kicks you but does no damage.
You hit the centaur but do no damage.
The centaur appears confused.
You bite the centaur.
You draw the centaur's blood!
You feel better.
The centaur is heavily wounded.
The centaur hits you with a +0 hand axe.
* * * LOW HITPOINT WARNING * * *
The centaur barely misses you.
You see here a +0 hand axe.
You hit the centaur but do no damage.
The centaur looks as sick as possible!
The centaur is severely wounded.
The centaur barely misses you.
The centaur kicks you but does no damage.
You hit the centaur.
The centaur looks as sick as possible!
The centaur is almost dead.
The centaur laughs crazily.
The centaur hits you with a +0 hand axe.
You die...

#### #### .## # #..####..####
#...## # ##...##...#..# #....#
#. #............# .........
#............###.######.
#......<..........#..#..
##.....@c..##........#..
###.......##...........
#....................
###..)................
###............###......
##.#...###...............
.#####.....#####...........)##
..........##...'...........###
#####.)..##...'..(....##.##..


You could see a centaur (confused, extremely poisoned).

Vanquished Creatures
  Edmund (D:4)
  A water moccasin (D:3)
  A necrophage (D:4)
  A wolf (D:5)
  A centaur (D:5)
  A gnoll sergeant (D:4)
  3 scorpions
  A centaur zombie (D:5)
  A jelly (D:5)
  2 orc priests (D:5)
  A centaur skeleton (D:4)
  A gnoll shaman (D:4)
  9 hounds (D:5)
  Terence (D:3)
  A hound zombie (D:5)
  A hound skeleton (D:5)
  Robin (D:2)
  20 gnolls
  6 adders
  An adder skeleton (D:4)
  A worm (D:2)
  4 dart slugs
  6 orcs
  6 ball pythons
  2 endoplasms
  2 giant cockroaches
  8 goblins
  8 hobgoblins
  12 jackals
  5 kobolds
  4 quokkas
  7 bats
  4 frilled lizards
  5 rats
129 creatures vanquished.

Vanquished Creatures (collateral kills)
  A gnoll (D:5)
1 creature vanquished.

Vanquished Creatures (others)
  A dancing weapon (D:5)
1 creature vanquished.

Grand Total: 131 creatures vanquished

Notes
Turn   | Place    | Note
-------+----------+-------------------------------------------
     0 | D:1      | Glokmah the Vampire Enchanter began the quest for the Orb.
     0 | D:1      | Reached XP level 1. HP: 13/13 MP: 3/3
   191 | D:1      | Reached XP level 2. HP: 19/19 MP: 5/5
   226 | D:1      | Learned a level 2 spell: Ensorcelled Hibernation
   562 | D:1      | Gained mutation: You are afflicted with vampirism and can
                  | become a bat while bloodless. [Vampire growth]
   562 | D:1      | Reached XP level 3. HP: 7/25 MP: 6/6
   660 | D:1      | Reached skill level 5 in Hexes
   766 | D:1      | Found a faded altar of an unknown god.
   885 | D:2      | Learned a level 3 spell: Confusing Touch
  2179 | D:3      | Noticed Robin
  2208 | D:3      | Reached XP level 4. HP: 24/24 MP: 1/7
  2238 | D:2      | Killed Robin
  2393 | D:3      | Noticed a water moccasin
  2399 | D:3      | Killed a water moccasin
  2400 | D:3      | Reached skill level 1 in Fighting
  2400 | D:3      | Reached skill level 5 in Stealth
  2400 | D:3      | Reached skill level 1 in Ice Magic
  2400 | D:3      | Reached XP level 5. HP: 29/29 MP: 5/8
  2748 | D:3      | Noticed Terence
  2751 | D:3      | Killed Terence
  2752 | D:3      | Reached skill level 6 in Hexes
  2928 | D:3      | Found a runed translucent door.
  2929 | D:3      | Noticed vknke's ghost (amateur GrEE)
  3219 | D:4      | Found Vobeskae's Elemental Accessories.
  3400 | D:4      | Noticed Edmund
  3407 | D:4      | Killed Edmund
  3408 | D:4      | Reached XP level 6. HP: 27/34 MP: 7/10
  3488 | D:4      | Found Cegixy's Antique Armour Boutique.
  3999 | D:4      | Bought an embroidered robe for 107 gold pieces
  4094 | D:4      | Reached skill level 7 in Hexes
  4098 | D:4      | Learned a level 3 spell: Tukima's Dance
  4177 | D:4      | Reached XP level 7. HP: 37/39 MP: 4/11
  4703 | D:5      | Entered Level 5 of the Dungeon
  4947 | D:5      | Reached skill level 5 in Short Blades
  4947 | D:5      | Reached skill level 8 in Hexes
  5194 | D:4      | HP: 1/40 [gnoll (4)]
  5544 | D:4      | Reached XP level 8. HP: 8/45 MP: 2/13
  6313 | D:5      | Reached skill level 9 in Hexes
  6380 | D:5      | Learned a level 3 spell: Dazzling Flash
  6441 | D:5      | Slain by a centaur

Illustrated notes

Levels and vault maps discovered:
D:1:      eino_arrival_tree_alley, layout_loops_cross, basic_ecumenical_altar
D:2:      layout_basic, basic_altar
D:3:      layout_basic, gammafunk_ghost_grave, uniq_terence, uniq_robin
D:4:      layout_gridville, serial_shops, nicolae_shop_behind_doors,
          nicolae_elemental_shop, bh_walls_and_bars, uniq_edmund
D:5:      layout_cave_pools, serial_gnoll_camp, gnoll_camp_mini_hut,
          grums_kennel, gnoll_camp_huts_basic, gnoll_camp_mini_doghouse,
          gnoll_camp_mini_doghouse, gnoll_camp_mini_hut, uniq_eustachio,
          uniq_blork_the_orc

Skill      XL: |  1  2  3  4  5  6  7  8 |
---------------+-------------------------+-----
Short Blades   | 2 3 4 5 6 |  6.1
Hexes          | 5 6 7 8 9 |  9.1
Fighting       | 1 2 3 |  3.2
Stealth        | 5 6 7 |  7.4
Ice Magic      | 1 2 3 |  3.0
Spellcasting   | 3 |  3.9
Dodging        | |  2.1
Conjurations   | |  0.1

Action                   |  1- 3 |  4- 6 |  7- 9 || total
-------------------------+-------+-------+-------++-------
Melee: Dagger            |   162 |   123 |   145 ||   430
       Bite              |     8 |    19 |    13 ||    40
 Cast: Ensorcelled Hiber |     9 |    21 |    38 ||    68
       Tukima's Dance    |       |     2 |    11 ||    13
       Confusing Touch   |       |       |     3 ||     3
       Corona            |       |       |     1 ||     1
 Abil: Exsanguinate      |     1 |       |       ||     1
  Use: Scroll            |       |       |     9 ||     9
 Stab: Sleeping          |    21 |    20 |    25 ||    66
       Distracted        |     1 |     2 |     2 ||     5
       Confused          |       |       |     2 ||     2
Armor: Robe              |    29 |    19 |    55 ||   103
Dodge: Dodged            |    77 |    86 |   107 ||   270

Table legend: (Time is in decaauts)
 A = Elapsed time spent in this place.
 B = Non-inter-level travel time spent in this place.
 C = Inter-level travel time spent in this place.
 D = Time resting spent in this place.
 E = Time spent auto-exploring this place.
 F = Levels seen in this place.
 G = Mean time per level.
                   A        B        C        D        E       F      G
               +--------+--------+--------+--------+--------+-----+--------+
         Total |   6372 |   6164 |    208 |   1531 |   3106 |   5 | 1274.4 |
       Dungeon |   6372 |   6164 |    208 |   1531 |   3106 |   5 | 1274.4 |
               +--------+--------+--------+--------+--------+-----+--------+

Top non-repeatable levels by time:
     D:4: 2416 daAuts
     D:2: 1099 daAuts
     D:3: 1012 daAuts
     D:5: 943 daAuts
     D:1: 900 daAuts
